[Event "Titled Tuesday Blitz October 25 Late 2022"]
[White "Jimenez Fernandez, Rebeca"]
[Black "Ardila, Oscar Humberto"]
[WhiteFideId "32070934"]
[BlackFideId "4404742"]
[WhiteElo "1946"]
[BlackElo "1898"]
[Result "1-0"]
[Round "09"]
[TimeControl "180+1"]
[Date "2022.10.26"]
[WhiteClock "0:00:20"]
[BlackClock "0:00:05"]

1. e4 e5 2. d4 exd4 3. Qxd4 Nc6 4. Qe3 Qe7 5. Nc3 Nf6 6. Bd2 Qc5 7. Qg3 d6 8. O-O-O Be6 9. Be3 Qe5 10. f4 Qa5 11. Kb1 O-O-O 12. a3 d5 13. f5 d4 14. Bxd4 Nxd4 15. fxe6 fxe6 16. Bc4 Bxa3 17. bxa3 Qxa3 18. Nd5 Qc5 19. Rxd4 exd5 20. Nf3 dxc4 21. Qxg7 Nd7 22. Rhd1 Qb5+ 23. Kc1 Nb6 24. Qg4+ Nd7 25. Ne5 Qxe5 26. Rxd7 Rxd7 27. Qxd7+ Kb8 28. Qd8+ Rxd8 29. Rxd8# 1-0


[Site "https://www.chess.com"]

[Event "Titled Tuesday Blitz October 25 Late 2022"]
[White "Kabanova, Ekaterina"]
[Black "Estrada Nieto, Julian"]
[WhiteFideId "24112917"]
[BlackFideId "5101018"]
[WhiteElo "2141"]
[BlackElo "2252"]
[Result "1-0"]
[Round "09"]
[TimeControl "180+1"]
[Date "2022.10.26"]
[WhiteClock "0:00:21"]
[BlackClock "0:00:01"]

1. c4 e5 2. e3 Nf6 3. a3 a5 4. Qc2 Nc6 5. b3 g6 6. Bb2 Bg7 7. Nf3 d6 8. d3 O-O 9. Nbd2 Nd7 10. Be2 Nc5 11. h4 Bg4 12. Bc3 Qe7 13. Rb1 f5 14. b4 axb4 15. axb4 Na4 16. Ba1 Nb6 17. b5 Nd8 18. Bc3 Ne6 19. Ra1 Rxa1+ 20. Bxa1 Nc5 21. O-O Ra8 22. Bc3 e4 23. dxe4 fxe4 24. Nd4 Bxe2 25. Nxe2 Qxh4 26. Bxg7 Kxg7 27. Nc3 Re8 28. f3 exf3 29. Rxf3 Nxc4 30. Nf1 Qe1 31. Nd5 Ne5 32. Rf2 Ng4 33. Qb2+ Kg8 34. Nf6+ Nxf6 35. Qxf6 Nd7 36. Qf7+ Kh8 37. Qxe8+ Kg7 38. Qf7+ Kh6 39. Qxd7 Qd1 40. Qh3+ Kg7 41. Qd7+ Kh6 42. Qxc7 Qd5 43. b6 Qe5 44. Qxb7 d5 45. Qc6 Qa1 46. b7 d4 47. exd4 Qxd4 48. b8=Q 1-0


[Site "https://www.chess.com"]

[Event "Titled Tuesday Blitz October 25 Late 2022"]
[White "Kamsky, Gata"]
[Black "Dardha, Daniel"]
[WhiteFideId "2000024"]
[BlackFideId "240990"]
[WhiteElo "2666"]
[BlackElo "2528"]
[Result "1-0"]
[Round "09"]
[TimeControl "180+1"]
[Date "2022.10.26"]
[WhiteClock "0:00:21"]
[BlackClock "0:00:02"]

1. e4 e5 2. Nf3 Nc6 3. Bb5 Nf6 4. O-O Nxe4 5. d4 Nd6 6. Bxc6 dxc6 7. dxe5 Nf5 8. Qxd8+ Kxd8 9. Rd1+ Ke8 10. Nc3 Be7 11. h3 Nh4 12. Nxh4 Bxh4 13. Bf4 h5 14. f3 g5 15. Be3 g4 16. Kh2 Bf5 17. Rd2 gxf3 18. gxf3 Rg8 19. Bf4 Rd8 20. Rad1 Rxd2+ 21. Rxd2 Be1 22. Re2 Bxc3 23. bxc3 Ke7 24. Bg3 Ke6 25. Rd2 a5 26. a3 c5 27. f4 Be4 28. Bh4 a4 29. Bg5 Ra8 30. Kg3 b5 31. Kh4 b4 32. cxb4 cxb4 33. Rd4 Bxc2 34. Rxb4 Bg6 35. Rc4 Kd7 36. Bf6 Rg8 37. Rxa4 Ke6 38. Rc4 Kf5 39. Bg5 Ra8 40. Rxc7 Rxa3 41. Rc6 Ke4 42. Rc4+ Kf3 43. f5 Kg2 44. Rc2+ Kf3 45. fxg6 fxg6 46. Bf6 Kf4 47. Rf2+ Ke3 48. Rg2 Kf3 49. Rxg6 Kf4 50. e6 Kf5 51. e7 Kxg6 52. e8=Q+ Kxf6 53. Qf8+ 1-0


[Site "https://www.chess.com"]

[Event "Titled Tuesday Blitz October 25 Late 2022"]
[White "Karacsonyi, Gellert"]
[Black "Javakhadze, Zurab"]
[WhiteFideId "764620"]
[BlackFideId "13603647"]
[WhiteElo "2308"]
[BlackElo "2381"]
[Result "1-0"]
[Round "09"]
[TimeControl "180+1"]
[Date "2022.10.26"]
[WhiteClock "0:00:12"]
[BlackClock "0:00:04"]

1. e4 e5 2. Nf3 Nc6 3. Bb5 a6 4. Bxc6 dxc6 5. O-O Ne7 6. Nxe5 Qd4 7. Qh5 g6 8. Qg5 Bg7 9. Nf3 h6 10. Qh4 Qd8 11. Nc3 g5 12. Qg3 Ng6 13. e5 g4 14. Ne1 Bxe5 15. Qe3 Be6 16. d3 h5 17. Kh1 Qh4 18. f4 Bxf4 19. Rxf4 Nxf4 20. g3 Qh3 21. Qxf4 h4 22. Ne4 hxg3 23. Qxg3 Qf1+ 24. Qg1 Qf5 25. Be3 O-O-O 26. Ng2 Bd5 27. Rf1 Qe6 28. Qf2 Rh5 29. Bf4 Bxe4 30. dxe4 Qxe4 31. Bg3 Rhd5 32. Qxf7 R5d7 33. Qf4 Qxc2 34. b4 Kb8 35. Qxg4 Ka8 36. Bf2 Rd2 37. Bg1 Qxa2 38. Qf3 Rg8 39. Nf4 Rh8 40. Rf2 Rxf2 41. Qxf2 Qxf2 42. Bxf2 b6 43. h4 a5 44. bxa5 bxa5 45. h5 a4 46. Bc5 Kb7 47. Kg2 Ka6 48. Kg3 Kb5 49. Bd4 Kc4 50. Bxh8 1-0


[Site "https://www.chess.com"]

[Event "Titled Tuesday Blitz October 25 Late 2022"]
[White "Karas, Marek"]
[Black "Gedgafov, Chamal"]
[WhiteFideId "14928558"]
[BlackFideId "34130621"]
[WhiteElo "2220"]
[BlackElo "2067"]
[Result "0-1"]
[Round "09"]
[TimeControl "180+1"]
[Date "2022.10.26"]
[WhiteClock "0:00:51"]
[BlackClock "0:01:44"]

1. a3 d5 2. h3 c6 3. b3 Bf5 4. g3 e6 5. Bb2 Nd7 6. Bg2 h6 7. e3 Ngf6 8. Ne2 Be4 9. O-O Bxg2 10. Kxg2 Bd6 11. c4 Qe7 12. d4 O-O 13. Nbc3 dxc4 14. bxc4 e5 15. d5 cxd5 16. cxd5 a6 17. e4 Rac8 18. g4 Rc4 19. Ng3 g6 20. Qd3 Rfc8 21. Rfc1 b5 22. Nce2 Nc5 23. Rxc4 Nxd3 24. Rxc8+ Kh7 25. Bc1 Bc5 26. g5 Nh5 27. Nxh5 gxh5 28. gxh6 Qf6 29. f4 Qg6+ 30. Kf3 Ne1# 0-1


[Site "https://www.chess.com"]

[Event "Titled Tuesday Blitz October 25 Late 2022"]
[White "Kollars, Dmitrij"]
[Black "Milikow, Yoav"]
[WhiteFideId "12909572"]
[BlackFideId "2822237"]
[WhiteElo "2584"]
[BlackElo "2341"]
[Result "1-0"]
[Round "09"]
[TimeControl "180+1"]
[Date "2022.10.26"]
[WhiteClock "0:00:47"]
[BlackClock "0:00:06"]

1. Nf3 d5 2. g3 g6 3. Bg2 Bg7 4. d4 Nf6 5. O-O O-O 6. c4 dxc4 7. Na3 c5 8. Nxc4 Be6 9. Nce5 cxd4 10. Qxd4 Bd5 11. Bf4 Nc6 12. Nxc6 Bxc6 13. Be5 Qxd4 14. Nxd4 Bxg2 15. Kxg2 Rfc8 16. Rac1 a6 17. Kf3 Nd7 18. Bxg7 Kxg7 19. e4 Ne5+ 20. Ke2 Rd8 21. Rfd1 Rd7 22. Rd2 Rad8 23. Rcd1 Rd6 24. f4 Nc4 25. e5 Nxd2 26. exd6 Nc4 27. dxe7 Re8 28. b3 Rxe7+ 29. Kf3 Nb6 30. Nc2 Nd7 31. Ne3 Nf6 32. Rd4 Rc7 33. g4 Nd7 34. Rc4 Rc5 35. g5 Ra5 36. a4 Rc5 37. Ke4 Rxc4+ 38. Nxc4 Nc5+ 39. Kd5 Nxb3 40. a5 Kf8 41. Kd6 Kg7 42. Kc7 Nc5 43. Kb6 Nd3 44. Kxb7 Nxf4 45. Kxa6 Ne6 46. Kb6 Nf8 47. Kc6 Ne6 48. a6 Nd4+ 49. Kb6 Nc6 50. Kxc6 1-0


[Site "https://www.chess.com"]

[Event "Titled Tuesday Blitz October 25 Late 2022"]
[White "Korchmar, Vasiliy"]
[Black "Li, Ben"]
[WhiteFideId "24131750"]
[BlackFideId "2089980"]
[WhiteElo "2370"]
[BlackElo "2267"]
[Result "0-1"]
[Round "09"]
[TimeControl "180+1"]
[Date "2022.10.26"]
[WhiteClock "0:00:01"]
[BlackClock "0:00:18"]

1. e4 e5 2. Nf3 Nf6 3. Nc3 Nc6 4. h3 d5 5. exd5 Nxd5 6. Bb5 Nxc3 7. bxc3 Bd6 8. d4 exd4 9. O-O O-O 10. cxd4 Qf6 11. c4 h6 12. Be3 Rd8 13. Qe2 Bf5 14. c5 Bf8 15. Rad1 Nb4 16. Bc4 Nd5 17. Bxd5 Rxd5 18. Bf4 c6 19. Be5 Qd8 20. Rfe1 Qd7 21. Bg3 Rd8 22. Ne5 Qc8 23. Qe3 Bxc5 24. Bh4 Rxd4 25. Rxd4 Rxd4 26. Qc3 Rd5 27. Nc4 Be6 28. Qg3 Qf8 29. Bf6 Bd4 30. Bxd4 Rxd4 31. Ne5 Qd6 32. f4 Bxa2 33. Kh2 Be6 34. Nf3 Rxf4 35. Re5 Rf6 36. Qe1 c5 37. Kh1 Rf5 38. Rxf5 Bxf5 39. Qe8+ Qf8 0-1


[Site "https://www.chess.com"]

[Event "Titled Tuesday Blitz October 25 Late 2022"]
[White "Koutlas, Nikolaos"]
[Black "Velikanov, Alexander"]
[WhiteFideId "25827138"]
[BlackFideId "2039290"]
[WhiteElo "2167"]
[BlackElo "2259"]
[Result "1-0"]
[Round "09"]
[TimeControl "180+1"]
[Date "2022.10.26"]
[WhiteClock "0:01:16"]
[BlackClock "0:00:02"]

1. e3 Nf6 2. Nf3 g6 3. b3 Bg7 4. Bb2 O-O 5. c4 d6 6. Nc3 e5 7. d3 d5 8. Nxe5 Re8 9. d4 c5 10. Be2 cxd4 11. exd4 Nc6 12. O-O Be6 13. cxd5 Nxd5 14. Bb5 Rc8 15. Rc1 Nf4 16. Bxc6 bxc6 17. Qf3 Qg5 18. Ne4 Qh6 19. Nxc6 Bd5 20. Ne7+ Rxe7 21. Rxc8+ Bf8 22. Nf6+ Kg7 23. Nxd5 Nxd5 24. Qxd5 Qh5 25. Qxh5 1-0


[Site "https://www.chess.com"]

[Event "Titled Tuesday Blitz October 25 Late 2022"]
[White "Lindholt, Malik"]
[Black "Bernat, David"]
[WhiteFideId "1404490"]
[BlackFideId "2099225"]
[WhiteElo "2014"]
[BlackElo "2330"]
[Result "1/2-1/2"]
[Round "09"]
[TimeControl "180+1"]
[Date "2022.10.26"]
[WhiteClock "0:00:25"]
[BlackClock "0:00:06"]

1. e4 c5 2. Nf3 g6 3. d4 cxd4 4. Nxd4 Nc6 5. Nc3 Bg7 6. Be3 Nf6 7. Bc4 O-O 8. Bb3 a5 9. O-O d6 10. f3 Bd7 11. Qd2 Nxd4 12. Bxd4 Bc6 13. Nd5 Nxd5 14. Bxd5 e6 15. Bxc6 bxc6 16. Bxg7 Kxg7 17. Qd4+ Qf6 18. Rad1 Qxd4+ 19. Rxd4 d5 20. exd5 cxd5 21. c4 dxc4 22. Rxc4 Rfb8 23. b3 Rb4 24. Rfc1 Rab8 25. Kf2 Kf6 26. Ke3 h5 27. Rxb4 Rxb4 28. Rc4 Rxc4 29. bxc4 Ke5 30. f4+ Kd6 31. Kd4 f6 32. h4 a4 33. c5+ Kc6 34. Kc4 e5 35. fxe5 fxe5 36. Kb4 e4 37. Kc4 e3 38. Kd3 Kxc5 39. Kxe3 Kb4 40. Kd3 Ka3 41. Kc3 Kxa2 42. Kc2 a3 43. g3 Ka1 44. Kc1 Ka2 45. Kc2 Ka1 46. Kc1 Ka2 47. Kc2 1/2-1/2


[Site "https://www.chess.com"]

[Event "Titled Tuesday Blitz October 25 Late 2022"]
[White "Liu, Kelsey"]
[Black "Barash, Anton"]
[WhiteFideId "30944481"]
[BlackFideId "30935229"]
[WhiteElo "2325"]
[BlackElo "2276"]
[Result "0-1"]
[Round "09"]
[TimeControl "180+1"]
[Date "2022.10.26"]
[WhiteClock "0:02:21"]
[BlackClock "0:01:37"]

1. e4 e6 2. d4 d5 3. Nc3 Bb4 4. e5 c5 5. Bd2 Ne7 6. Nb5 Bxd2+ 7. Qxd2 O-O 8. f4 Bd7 9. Nd6 Nbc6 10. dxc5 b6 11. cxb6 Qxb6 12. c3 Rab8 13. O-O-O a5 14. Nf3 a4 15. Bd3 Na5 16. Nd4 Nec6 17. Bc2 Qxb2# 0-1


[Site "https://www.chess.com"]

[Event "Titled Tuesday Blitz October 25 Late 2022"]
[White "Lorenzo De La Riva, Lazaro"]
[Black "Banzea, Alexandru-Bogdan"]
[WhiteFideId "2268809"]
[BlackFideId "1232622"]
[WhiteElo "2325"]
[BlackElo "2294"]
[Result "0-1"]
[Round "09"]
[TimeControl "180+1"]
[Date "2022.10.26"]
[WhiteClock "0:00:51"]
[BlackClock "0:00:20"]

1. d4 Nf6 2. c4 g6 3. Nc3 Bg7 4. e4 d6 5. Nf3 O-O 6. Be2 e5 7. O-O Bg4 8. Be3 Bxf3 9. Bxf3 exd4 10. Bxd4 Nc6 11. Be3 Re8 12. Re1 Nd7 13. Qc2 Bxc3 14. Qxc3 Qf6 15. Qc2 Nd4 16. Bxd4 Qxd4 17. Rad1 Qf6 18. Be2 Nc5 19. Bf1 Re7 20. g3 Rae8 21. Bg2 Ne6 22. Qd2 c5 23. Qxd6 Qxb2 24. Qd3 Nd4 25. Rd2 Qb6 26. Rb1 Qc7 27. f4 f6 28. e5 fxe5 29. Rxb7 Qd6 30. Rxe7 Rxe7 31. Bd5+ Kg7 32. fxe5 Qxe5 33. Kg2 Nf5 34. Rf2 Ne3+ 35. Kg1 Qa1+ 36. Rf1 Nxf1 37. Qxf1 Re1 0-1


[Site "https://www.chess.com"]

[Event "Titled Tuesday Blitz October 25 Late 2022"]
[White "Maksimovic, Bojan"]
[Black "Sivakumar, Shaaketh"]
[WhiteFideId "14408120"]
[BlackFideId "30940176"]
[WhiteElo "2447"]
[BlackElo "2174"]
[Result "0-1"]
[Round "09"]
[TimeControl "180+1"]
[Date "2022.10.26"]
[WhiteClock "0:00:01"]
[BlackClock "0:00:42"]

1. e4 e6 2. d3 d5 3. Nd2 Ne7 4. g3 g6 5. Bg2 Bg7 6. Ngf3 O-O 7. O-O c5 8. Re1 Nbc6 9. e5 b5 10. Nf1 a5 11. h4 h6 12. Bf4 Ba6 13. Qd2 Kh7 14. N1h2 Nf5 15. c3 b4 16. Bh3 a4 17. Bxf5 exf5 18. Rac1 Qd7 19. h5 bxc3 20. bxc3 Nd8 21. e6 Nxe6 22. Be5 g5 23. Bxg7 Kxg7 24. Re5 Bb7 25. Rxf5 d4 26. cxd4 Nxd4 27. Nxd4 cxd4 28. Rxg5+ hxg5 29. Qxg5+ Kh7 30. Ng4 Ra6 31. Rc5 f5 32. Ne5 Qg7 33. Qxg7+ Kxg7 34. Rc7+ Kh6 35. Rxb7 Kxh5 36. Rh7+ Rh6 37. Rd7 f4 38. g4+ Kh4 39. Rg7 Kh3 40. Nf3 Rhf6 41. g5 R6f7 42. Rg6 Kg4 43. Ne5+ Kf5 0-1


[Site "https://www.chess.com"]

[Event "Titled Tuesday Blitz October 25 Late 2022"]
[White "Martinez Alcantara, Jose Eduardo"]
[Black "Predke, Alexandr"]
[WhiteFideId "3805662"]
[BlackFideId "24107581"]
[WhiteElo "2703"]
[BlackElo "2614"]
[Result "1/2-1/2"]
[Round "09"]
[TimeControl "180+1"]
[Date "2022.10.26"]
[WhiteClock "0:00:20"]
[BlackClock "0:00:04"]

1. e4 e5 2. Nf3 Nc6 3. Bb5 a6 4. Ba4 Nf6 5. O-O Be7 6. Re1 b5 7. Bb3 d6 8. c3 O-O 9. h3 Re8 10. d4 Bb7 11. Ng5 Rf8 12. Nf3 Re8 13. Nbd2 Bf8 14. a4 h6 15. d5 Ne7 16. Nf1 c6 17. dxc6 Bxc6 18. Ng3 Ng6 19. Nh2 d5 20. exd5 Bxd5 21. Bc2 Qd7 22. Ng4 Nxg4 23. Qxg4 Qxg4 24. hxg4 Nf4 25. Be4 Bxe4 26. Nxe4 Nd3 27. Rd1 Rad8 28. axb5 axb5 29. Bxh6 Nxb2 30. Rxd8 Rxd8 31. Bg5 f6 32. Be3 Nc4 33. Kf1 b4 34. cxb4 Nxe3+ 35. fxe3 Bxb4 36. Ke2 Bf8 37. Rf1 Kf7 38. g5 Be7 39. gxf6 gxf6 40. g4 Ke6 41. Ng3 Rg8 42. Kf3 Bc5 43. Nf5 e4+ 44. Kf4 Bd6+ 45. Nxd6 Kxd6 46. Ra1 Ke6 47. Ra6+ Kf7 48. Ra7+ Kg6 49. Ra6 Kf7 50. Rb6 Rc8 51. Rb5 Kg6 52. Rb6 Kf7 53. Ra6 Rb8 54. Ra5 Rb1 55. Kxe4 Kg6 56. Kf3 Rf1+ 57. Kg2 Re1 58. Ra3 Rb1 59. Ra5 Rb2+ 60. Kf3 Rb1 61. Ra8 Rf1+ 62. Ke4 Rb1 63. Rg8+ Kf7 64. Rc8 Kg6 65. Rc4 Re1 66. Rc2 Rg1 67. Kf3 Rf1+ 68. Kg2 Ra1 69. Rf2 Re1 70. Kf3 Ra1 71. Kf4 Ra4+ 72. e4 Ra1 73. Rf3 Rb1 74. Rf2 Ra1 75. Rh2 Rf1+ 76. Ke3 Rg1 77. Rh8 Kg7 78. Rh4 Kg6 79. Kf2 Ra1 80. Rh8 Ra4 81. Kf3 Ra1 82. Rg8+ Kf7 83. Rh8 Kg6 84. Rh2 Ra3+ 85. Kf4 Ra1 86. Rf2 Rb1 87. g5 fxg5+ 88. Ke5 Rb5+ 89. Kd6 Rb6+ 90. Kc5 Rb1 91. e5 Re1 92. Kd6 g4 93. e6 Kg5 94. Rd2 g3 95. Rd5+ Kf4 96. Rd4+ Kf3 97. Rd5 Kf4 98. Rd4+ Kf3 99. Rd3+ Kf4 100. Rd2 Kf3 101. e7 g2 102. Rxg2 Kxg2 103. Kd7 Rxe7+ 104. Kxe7 1/2-1/2


[Site "https://www.chess.com"]

[Event "Titled Tuesday Blitz October 25 Late 2022"]
[White "Mazurkiewicz, Michal"]
[Black "Polster, Christian"]
[WhiteFideId "1124943"]
[BlackFideId "12965081"]
[WhiteElo "2063"]
[BlackElo "2209"]
[Result "0-1"]
[Round "09"]
[TimeControl "180+1"]
[Date "2022.10.26"]
[WhiteClock "0:01:37"]
[BlackClock "0:00:07"]

1. e4 e6 2. d3 d5 3. Nd2 Nf6 4. Ngf3 c5 5. g3 Nc6 6. Bg2 Be7 7. O-O O-O 8. e5 Nd7 9. Re1 Rb8 10. h4 b5 11. Nf1 b4 12. Bf4 a5 13. N1h2 a4 14. a3 Qa5 15. Ng5 bxa3 16. bxa3 h6 17. Qh5 hxg5 18. hxg5 Qc3 19. Ng4 Rb2 20. Nf6+ gxf6 21. gxf6 Nxf6 22. exf6 Qxf6 23. c4 e5 24. Bc1 Qxf2+ 25. Kh1 Qxg2# 0-1


[Site "https://www.chess.com"]

[Event "Titled Tuesday Blitz October 25 Late 2022"]
[White "Melikyan, Gnel"]
[Black "Melikhov, Evgeny V."]
[WhiteFideId "54109990"]
[BlackFideId "4122046"]
[WhiteElo "2138"]
[BlackElo "2169"]
[Result "1/2-1/2"]
[Round "09"]
[TimeControl "180+1"]
[Date "2022.10.26"]
[WhiteClock "0:00:10"]
[BlackClock "0:00:04"]

1. b4 d5 2. e3 e5 3. Bb2 Bd6 4. Nf3 Nd7 5. a3 Ngf6 6. c4 c6 7. Nc3 O-O 8. d4 e4 9. Nd2 Re8 10. Be2 Nf8 11. Qb3 Be6 12. cxd5 cxd5 13. Rc1 Rc8 14. h3 Ng6 15. Rc2 Nh4 16. g3 Nf5 17. Nf1 h6 18. Nb5 Bb8 19. Rc5 Nh7 20. a4 Ng5 21. h4 Nf3+ 22. Kd1 b6 23. Rxc8 Qxc8 24. Bc1 Qb7 25. Nd2 Nxd2 26. Bxd2 Rc8 27. Na3 Nd6 28. Bc3 Nc4 29. Nxc4 dxc4 30. Qb1 Bd5 31. Kd2 a6 32. b5 a5 33. g4 Bd6 34. g5 hxg5 35. hxg5 Qe7 36. Qg1 Bb4 37. Qh2 Bxc3+ 38. Kc2 f6 39. g6 Kf8 40. Bg4 Qa3 41. Rb1 Rd8 42. Qh8+ Bg8 43. Be6 Qa2+ 44. Kxc3 Qa3+ 45. Kc2 Qd3+ 46. Kc1 Qc3+ 47. Kd1 Qd3+ 48. Kc1 Qc3+ 49. Kd1 Qd3+ 50. Kc1 1/2-1/2


[Site "https://www.chess.com"]

[Event "Titled Tuesday Blitz October 25 Late 2022"]
[White "Mickiewicz, Piotr"]
[Black "Gardezi, Arsal"]
[WhiteFideId "1114891"]
[BlackFideId "30949521"]
[WhiteElo "2246"]
[BlackElo "1906"]
[Result "0-1"]
[Round "09"]
[TimeControl "180+1"]
[Date "2022.10.26"]
[WhiteClock "0:00:10"]
[BlackClock "0:00:07"]

1. e4 e5 2. Nf3 Nc6 3. Bc4 Nf6 4. d3 Bc5 5. Nc3 O-O 6. h3 d6 7. Bg5 h6 8. Bh4 Be6 9. Nd5 Bxd5 10. Bxd5 Nd4 11. Nxd4 Bxd4 12. c3 Bb6 13. Bxb7 Rb8 14. Bc6 g5 15. Bg3 Bc5 16. b4 Bb6 17. h4 g4 18. h5 a5 19. a3 Kh7 20. Bh4 Qe7 21. O-O Rg8 22. g3 Qe6 23. Bxf6 Qxf6 24. Kg2 Rg5 25. f4 gxf3+ 26. Qxf3 Qg7 27. Qxf7 Rxg3+ 28. Kh2 Rg2+ 29. Kh1 Rg1+ 30. Rxg1 Qxf7 31. Raf1 Qxh5+ 32. Kg2 Qg4+ 33. Kh2 Qh4+ 34. Kg2 Rg8+ 35. Kf3 Qh5+ 0-1


[Site "https://www.chess.com"]

[Event "Titled Tuesday Blitz October 25 Late 2022"]
[White "Moreno Perez, Tobias Sebastian"]
[Black "Djordjevic, Vuk"]
[WhiteFideId "186716"]
[BlackFideId "902098"]
[WhiteElo "2502"]
[BlackElo "2456"]
[Result "0-1"]
[Round "09"]
[TimeControl "180+1"]
[Date "2022.10.26"]
[WhiteClock "0:00:20"]
[BlackClock "0:00:28"]

1. d4 Nf6 2. Nf3 e6 3. c4 b6 4. g3 Ba6 5. Nbd2 Bb4 6. a3 Be7 7. Bg2 O-O 8. O-O d5 9. cxd5 exd5 10. Re1 Nbd7 11. Ne5 Bb7 12. Ndf3 Ne4 13. Nxd7 Qxd7 14. Ne5 Qe6 15. Bf4 c5 16. Nf3 c4 17. Nd2 f5 18. Rc1 Bf6 19. Nf3 g5 20. Be5 g4 21. Bxf6 gxf3 22. exf3 Qxf6 23. fxe4 fxe4 24. Qd2 Rae8 25. Re3 Re7 26. Rce1 Qg5 27. Qb4 Ref7 28. R1e2 Bc8 29. Qd6 Bg4 30. Re1 Rxf2 31. h4 Qf5 32. Qe7 Rxb2 33. Rf1 Rxg2+ 0-1


[Site "https://www.chess.com"]

[Event "Titled Tuesday Blitz October 25 Late 2022"]
[White "Muhammad, Shahzeb"]
[Black "Clawitter, Craig"]
[WhiteFideId "7804806"]
[BlackFideId "2023105"]
[WhiteElo "2401"]
[BlackElo "2263"]
[Result "1-0"]
[Round "09"]
[TimeControl "180+1"]
[Date "2022.10.26"]
[WhiteClock "0:01:06"]
[BlackClock "0:00:03"]

1. e4 e6 2. d4 d5 3. Nd2 Be7 4. Ngf3 Nf6 5. e5 Nfd7 6. Bd3 c5 7. c3 Nc6 8. O-O a5 9. Re1 cxd4 10. cxd4 Qb6 11. Nb1 Nxd4 12. Nxd4 Qxd4 13. Nc3 Qb6 14. Qg4 O-O 15. Bh6 g6 16. Bxf8 Bxf8 17. Nb5 Bg7 18. Qg3 Nc5 19. Bf1 Bd7 20. Nd6 Qxb2 21. Rab1 Qxa2 22. Qe3 Ne4 23. Rxb7 Be8 24. f3 1-0


[Site "https://www.chess.com"]

[Event "Titled Tuesday Blitz October 25 Late 2022"]
[White "Papasimakopoulos, Alexandros"]
[Black "Djokic, Mihailo"]
[WhiteFideId "4244125"]
[BlackFideId "976440"]
[WhiteElo "2357"]
[BlackElo "2315"]
[Result "1-0"]
[Round "09"]
[TimeControl "180+1"]
[Date "2022.10.26"]
[WhiteClock "0:00:15"]
[BlackClock "0:00:01"]

1. d4 Nf6 2. c4 g6 3. Nc3 Bg7 4. e4 d6 5. f3 O-O 6. Nge2 Nc6 7. Be3 a6 8. Qd2 Rb8 9. Rc1 Bd7 10. Nd1 Re8 11. g3 b5 12. c5 dxc5 13. Rxc5 e5 14. d5 Ne7 15. Qc1 Bf8 16. Bg2 b4 17. Bg5 Kg7 18. O-O Bb5 19. Rf2 c6 20. dxc6 Nxc6 21. Ne3 Bxc5 22. Qxc5 Nd4 23. Nd5 Nxe4 24. Bxd8 Nxe2+ 25. Rxe2 Nxc5 26. Bf6+ Kf8 27. Rc2 Nd7 28. Bg5 Kg7 29. Bh3 h6 30. Bxd7 Bxd7 31. Bf6+ Kf8 32. Rc7 Be6 33. Ne3 Rbc8 34. Ra7 Rc6 35. Bxe5 Bxa2 36. Bd4 h5 37. Rb7 a5 38. Ra7 Be6 39. Rxa5 Rd8 40. Bc5+ Kg7 41. Bxb4 Rd3 42. Kf2 h4 43. Bc3+ f6 44. gxh4 Rd7 45. h5 gxh5 46. Rxh5 Kg6 47. Ra5 Rh7 48. Kg3 Rd6 49. h4 Rdd7 50. Ng2 Kf7 51. Nf4 Rg7+ 52. Kf2 Bc4 53. Nh5 Rh7 54. Nxf6 Rxh4 55. Nxd7 1-0


[Site "https://www.chess.com"]

[Event "Titled Tuesday Blitz October 25 Late 2022"]
[White "Paravyan, David"]
[Black "Bordi, Kevin"]
[WhiteFideId "4194985"]
[BlackFideId "621862"]
[WhiteElo "2555"]
[BlackElo "2839"]
[Result "1-0"]
[Round "09"]
[TimeControl "180+1"]
[Date "2022.10.26"]
[WhiteClock "0:00:17"]
[BlackClock "0:00:04"]

1. e4 d5 2. exd5 Qxd5 3. Nc3 Qa5 4. d4 Nf6 5. Nf3 c6 6. Ne5 Be6 7. Bd2 Qb6 8. Qe2 Nbd7 9. O-O-O Qxd4 10. Nxd7 Bxd7 11. Bg5 Qg4 12. Qd2 O-O-O 13. Be2 Qb4 14. Kb1 e5 15. a3 Qa5 16. Bc4 Be7 17. Nd5 Qc5 18. Nxe7+ Qxe7 19. Qa5 Kb8 20. Be3 b6 21. Bxb6 axb6 22. Qxb6+ Ka8 23. Rd3 Bc8 24. Rhd1 Rxd3 25. Rxd3 Qb7 26. Qc5 Be6 27. Rb3 Ne4 28. Qe3 Bxc4 29. Rxb7 Kxb7 30. Qxe4 Be6 31. Qxe5 Rd8 32. Kc1 g6 33. f3 Rd5 34. Qe3 h5 35. b3 h4 36. a4 Rh5 37. Kb2 h3 38. g4 Rd5 39. Qh6 Rd2 40. Qxh3 Bd5 41. Qg3 Re2 42. Qf4 Rf2 43. Qe5 Rxf3 44. c4 Rf2+ 45. Ka3 Be6 46. h3 Rf3 47. Kb4 Rxh3 48. Qe4 Rg3 49. a5 Rxg4 50. Qe3 Kc7 51. Qb6+ Kd7 52. a6 Rg1 53. a7 Ra1 54. Qb7+ Kd6 55. c5+ Kd5 56. a8=Q Rxa8 57. Qxa8 g5 58. Qb8 f5 59. Qd6+ 1-0


[Site "https://www.chess.com"]

[Event "Titled Tuesday Blitz October 25 Late 2022"]
[White "Phillips, Rene"]
[Black "Roque Sola, Gisela"]
[WhiteFideId "2056275"]
[BlackFideId "5120241"]
[WhiteElo "2047"]
[BlackElo "1961"]
[Result "0-1"]
[Round "09"]
[TimeControl "180+1"]
[Date "2022.10.26"]
[WhiteClock "0:00:04"]
[BlackClock "0:00:18"]

1. Nf3 Nf6 2. d4 g6 3. Bf4 Bg7 4. e3 O-O 5. Nbd2 d6 6. h3 b6 7. Bd3 Bb7 8. Qe2 c5 9. c3 Nc6 10. Ba6 Bxa6 11. Qxa6 Qc8 12. Qc4 cxd4 13. cxd4 Qb7 14. O-O Rac8 15. Rac1 Nh5 16. Bh2 Nxd4 17. Qd3 Nxf3+ 18. Nxf3 Rxc1 19. Rxc1 Rc8 20. Rxc8+ Qxc8 21. b3 Qc1+ 22. Qf1 Qb2 23. Qa6 Qb1+ 24. Qf1 Qxa2 25. g4 Nf6 26. Qc4 Qb1+ 27. Kg2 Ne4 28. Qc8+ Bf8 29. Qc4 h6 30. h4 Nc5 31. h5 Qe4 32. Qb5 Qxg4+ 33. Bg3 Qxh5 34. b4 Ne4 35. Qd7 Nxg3 36. fxg3 Qd5 37. Qxa7 g5 38. g4 b5 39. Qb8 Qc4 40. Kg3 Qxb4 41. Qe8 Qc4 42. Nd2 Qc3 43. Ne4 Qxe3+ 0-1


[Site "https://www.chess.com"]

[Event "Titled Tuesday Blitz October 25 Late 2022"]
[White "Piesik, Piotr"]
[Black "Annaberdiyev, Babageldi"]
[WhiteFideId "1136194"]
[BlackFideId "14000385"]
[WhiteElo "2323"]
[BlackElo "2332"]
[Result "1-0"]
[Round "09"]
[TimeControl "180+1"]
[Date "2022.10.26"]
[WhiteClock "0:00:19"]
[BlackClock "0:00:15"]

1. Nf3 e6 2. g3 d5 3. Bg2 f5 4. O-O Nf6 5. d3 c6 6. Nbd2 Bc5 7. Qe1 O-O 8. e4 fxe4 9. dxe4 Nbd7 10. e5 Ng4 11. Nb3 Bb6 12. h3 Rxf3 13. Bxf3 Ngxe5 14. Bg2 Qe7 15. Kh2 Nf7 16. f4 Nf6 17. Be3 c5 18. c4 d4 19. Bd2 Rb8 20. Qe2 Bd7 21. Rae1 h5 22. Ba5 Bxa5 23. Nxa5 Qd6 24. b4 b6 25. bxc5 bxc5 26. Nb3 h4 27. g4 Rb4 28. Qf2 Rxc4 29. Rc1 Rxc1 30. Rxc1 g5 31. Nxc5 gxf4 32. Nxd7 Nxd7 33. Rc6 Qb8 34. Kg1 d3 35. Rxe6 Nde5 36. Qxf4 Qb1+ 37. Kh2 Qe1 38. Re8+ Kg7 39. Rd8 Nf3+ 40. Qxf3 Qe5+ 41. Kh1 Qe1+ 42. Qf1 Qxf1+ 43. Bxf1 Nxd8 44. Bxd3 Kf6 45. Kg2 Kg5 46. Kf3 Ne6 47. Ke4 Nf4 48. Bf1 Ne6 49. Ke5 Nf4 50. a4 Ng6+ 51. Ke4 Nf4 52. a5 Ne6 53. Kd5 Nf4+ 54. Kc6 Kf6 55. Kb7 Ke7 56. Kxa7 Nd5 57. Kb7 Ne3 58. Be2 1-0


[Site "https://www.chess.com"]